 Dungeon Crawl Stone Soup version 0.30-a0-883-g5ad918d77d (webtiles) character file.

Game seed: 559315501799607985

40207 Zenkrye the Spear-Bearer (level 14, 0/166 HPs)
             Began as a Human Cinder Acolyte on Mar 16, 2023.
             Was a High Priest of Ignis.
             Succumbed to an ogre mage's poison
             ... on level 2 of the Orcish Mines.
             The game lasted 00:43:35 (19924 turns).

Zenkrye the Spear-Bearer (Human Cinder Acolyte)    Turns: 19924, Time: 00:43:36

Health: 0/166      AC: 27    Str: 20    XL:     14   Next: 43%
Magic:  15/15      EV:  2    Int: 14    God:    Ignis [*****.]
Gold:   1328       SH: 11    Dex:  9    Spells: 11/15 levels left

rFire   + . .      SeeInvis .    g - +3 trident (heavy)
rCold   . . .      Faith    .    h - +0 kite shield
rNeg    + . .      Spirit   .    C - melded +0 plate armour
rPois   +          Reflect  .    y - melded +1 helmet
rElec   .          Rampage  .    E - melded +2 cloak
rCorr   .          NoTele   +    v - melded +1 pair of gloves
Will    +....                    j - melded +1 pair of boots
Stlth   +                        D - amulet of the acrobat
HPRegen 0.47/turn                n - ring of positive energy
MPRegen 0.14/turn                s - +4 ring of slaying

@: mighty, lethally poisoned (0 -> -4), tree-form, on berserk cooldown,
acrobatic, hasted and slowed
A: stationary, stasis, torment immunity, boosted hp
a: Renounce Religion, Fiery Armour, Foxfire Swarm, Rising Flame


You were on level 2 of the Orcish Mines.
You worshipped Ignis.
Ignis was extremely pleased with you.
You were a tree.
You visited 3 branches of the dungeon, and saw 18 of its levels.

You collected 1378 gold pieces.
You spent 50 gold pieces at shops.

Inventory:

Hand Weapons
 g - a +3 heavy trident (weapon)
 r - a +0 trident of flaming
Missiles
 z - a curare-tipped dart
 A - 5 boomerangs (quivered)
 J - 4 javelins
 M - 6 poisoned darts
Armour
 f - +0 acid dragon scales
 h - a +0 kite shield (worn)
 j - a +1 pair of boots (melded)
 v - a +1 pair of gloves (melded)
 y - a +1 helmet (melded)
 C - a +0 plate armour (melded)
 E - a +2 cloak (melded)
 K - a +3 ring mail
Jewellery
 n - a ring of positive energy (left branch)
 s - a +4 ring of slaying (right branch)
 D - an amulet of the acrobat (around neck)
Wands
 b - a wand of roots (9)
 e - a wand of digging (9) {@v1}
 w - a wand of light (19)
 G - a wand of flame (19)
Scrolls
 a - a scroll of amnesia
 t - 2 scrolls of teleportation {@r3}
 B - a scroll of magic mapping
 L - a scroll of immolation
Potions
 c - 2 potions of mutation
 m - 3 potions of resistance {@q6}
 o - a potion of flight
 p - 6 potions of attraction
 q - 4 potions of brilliance
 u - 2 potions of magic
 F - a potion of lignification
 H - 2 potions of might {@q4}


   Skills:
 + Level 10.9 Fighting
 - Level 14.0 Polearms
 - Level 10.0 Armour
 * Level 13.0 Shields
 - Level 1.0 Spellcasting
 - Level 3.0 Fire Magic
 - Level 5.0 Evocations


You had 11 spell levels left.
You knew the following spells:

 Your Spells              Type           Power      Damage    Failure   Level
a - Scorch                Fire           18%        2d6       22%         2
b - Wereblood             Tmut           0%         N/A       58%         2

Your spell library contained the following spells:

 Spells                   Type           Power      Damage    Failure   Level
 Beastly Appendage        Tmut           0%         N/A       45%         1
 Magic Dart               Conj           0%         1d3       45%         1
 Searing Ray              Conj           0%         2d4       58%         2
 Static Discharge         Conj/Air       0%         2-2/arc   58%         2
 Sublimation of Blood     Necr           0%         N/A       58%         2
 Spider Form              Tmut/Pois      0%         N/A       83%         3
 Vhi's Electric Charge    Tloc/Air       0%         N/A       83%         3
 Fulminant Prism          Conj/Hex       0%         3d5       99%         4
 Petrify                  Tmut/Erth      0%         N/A       99%         4
 Arcjolt                  Conj/Air       0%         1d10      100%        5
 Irradiate                Conj/Tmut      0%         3d11      100%        5
 Lightning Bolt           Conj/Air       0%         1d11      100%        5
 Maxwell's Capacitive Co  Air            0%         ∞         100%        8


Dungeon Overview and Level Annotations

Branches:
Dungeon (11/15)            Temple (0/1) D:4            Lair (5/5) D:9
 Shoals (0/4) Lair:3       Spider (0/4) Lair:2          Orc (1/2) D:11
    Elf (0/3) Orc:2
  Slime: Lair:4-5

Altars:
Ashenzari
Cheibriados
Elyvilon
Fedhas
Hepliaklqana
Makhleb
Nemelex Xobeh
Okawaru
Qazlal
Ru
Trog
Uskayaw
Vehumet
Xom
Zin
The Shining One

Shops:
D:2 ?   D:4 !   Orc:2 (

Annotations:
D:4 2 transporters, dialectric's ghost, amateur DsFi
Lair:4 1 runed translucent door, Zinwir's ghost, journeyman KoHu
Lair:5 Snorg


Message History

You hear some strange, mumbled words.
A magic dart appears from out of thin air!
Deactivating autopickup; reactivate with Ctrl-A.
The magic dart hits you!
* * * LOW HITPOINT WARNING * * *
Your life force feels restored.
Your Shields skill increases to level 13!
Reach: g) +3 trident (heavy)
Press: ? - help, Dir - move target, f/p - orc
Aim: an orc, wielding a +0 trident and wearing a +0 chain mail (about 22% to evade your +3 heavy trident)
You reach to attack!
You impale the orc!!
You kill the orc!
* * * LOW HITPOINT WARNING * * *
You feel very sick. Something hits you but does no damage.
You partially resist.
Reach: g) +3 trident (heavy)
Press: ? - help, Dir - move target You impale something!!
Reactivating autopickup.
You feel a bit more experienced.
* * * LOW HITPOINT WARNING * * *
You feel very sick.
* * * LOW HITPOINT WARNING * * *
You feel sick.
You feel a strong urge to attack something.
* * * LOW HITPOINT WARNING * * *
You feel very sick.
You are no longer berserk.
You are exhausted.
You feel yourself slow down.
* * * LOW HITPOINT WARNING * * *
You feel sick.
Unknown command.
Okay, then.
Unknown command.
* * * LOW HITPOINT WARNING * * *
You feel sick.
* * * LOW HITPOINT WARNING * * *
You feel sick.
You die...

,**,,,,,,,,,,,,,,**,,,,,**,,,,,,,
,,**,,*,,,,,,,,,,**,,,,,**,,,,*,,
,,**,,,*,,,,,,,,,,,,,,,,,,,,,,,**
,,,,,,,,,,,,,,,,,~~,,,,,~~,,,,**
,,,*,,,,,,,,~~~~~**~,,,~**~~~~~**
*,*,,,,,,~~~~~~~~**~,,,~**~~~~~~~
**,,,,,,~~~~~##*~~~~,,,~~~~***~~~
**,*,,~~~~###∩###~~,,,~~***∩***~
**,,,***~#....♣#~~,,,~~*,,,,,*~
*,,,**~**#..#))##~,,,~**,,*,,**
**,,**~~#.,~#≈))#~,,,~*,,~*~,,*
*,***~~*,,~#≈..#~,,,~*,,~*~,,*
*****~~8,,~#§..#,,,,,*,,~*~,,8
*~~~,,,,#....,,8,,,,,,*,,,,
*~~~~,,.......,,,,,,,,,,,,~
*~~~~,§........,,,,,,,,,,,~
*~~~≈.§§≈≈≈≈≈≈§§~~~~~~~~,,~


There were no monsters in sight!

Vanquished Creatures
  Fannar (D:11)
  A catoblepas (Lair:4)
  4 hydras
  An ogre mage (Orc:2)
  3 two-headed ogres
  A boulder beetle (Lair:2)
  A skyshark (Lair:4)
  Pikel (D:6)
  An ugly thing (D:11)
  2 orc knights
  2 orc sorcerers
  A manticore (D:11)
  6 elephants (Lair:3)
  2 cyclopes (D:11)
  6 black mambas
  10 cane toads
  2 unseen horrors
  A water nymph (Lair:3)
  A rime drake (Lair:4)
  7 komodo dragons
  2 hornets
  A polar bear (Lair:3)
  3 trolls
  19 blink frogs
  2 shadows
  2 wraiths (D:10)
  32 yaks
  5 wyverns
  4 basilisks
  3 steam dragons
  Menkaure (D:5)
  2 wargs (Orc:1)
  An acid dragon (D:10)
  12 water moccasins
  15 orc warriors
  A black bear (D:8)
  A sky beast (D:4)
  4 centaurs
  4 ogres
  12 wolves (Lair:3)
  4 lemures
  A gnoll sergeant (D:9)
  A kobold brigand (D:6)
  11 bullfrogs
  4 scorpions
  5 wights (D:7)
  15 killer bees
  A gnoll bouda (D:8)
  7 hounds
  A jelly (D:4)
  10 orc priests
  3 iguanas
  18 orc wizards
  2 sleepcaps (D:6)
  10 gnolls
  2 adders
  A shadow imp (D:6)
  A white imp (D:8)
  74 orcs
  5 endoplasms
  5 giant cockroaches
  3 goblins
  11 hobgoblins
  3 jackals (D:5)
  9 kobolds
  11 quokkas
  4 ball pythons
  4 bats
  4 frilled lizards
  5 rats
415 creatures vanquished.

Vanquished Creatures (others)
  An orc (Orc:2)
  6 bushes (Lair:5)
  16 fungi
  74 plants
97 creatures vanquished.

Grand Total: 512 creatures vanquished

Notes
Turn   | Place    | Note
-------+----------+-------------------------------------------
     0 | D:1      | Zenkrye the Human Cinder Acolyte began the quest for the
                  | Orb.
     0 | D:1      | Reached XP level 1. HP: 18/18 MP: 2/2
    90 | D:1      | Reached XP level 2. HP: 20/24 MP: 3/3
    93 | D:1      | Learned a level 2 spell: Scorch
   326 | D:1      | Reached skill level 4 in Polearms
   326 | D:1      | Reached XP level 3. HP: 28/29 MP: 4/4
   900 | D:2      | Found an iron altar of Okawaru.
  1058 | D:2      | Found Feoqouni's Magic Scroll Shop.
  1213 | D:2      | Reached XP level 4. HP: 35/35 MP: 5/5
  1528 | D:3      | Noticed a scorpion
  1540 | D:3      | Killed a scorpion
  1541 | D:3      | Reached skill level 5 in Polearms
  1541 | D:3      | Reached XP level 5. HP: 29/41 MP: 1/6
  2052 | D:3      | Reached skill level 6 in Polearms
  2061 | D:3      | Reached XP level 6. HP: 18/47 MP: 1/7
  2400 | D:3      | Found a broken altar of Ashenzari.
  2440 | D:3      | Found a glowing golden altar of the Shining One.
  2441 | D:3      | Found a white marble altar of Elyvilon.
  2446 | D:3      | Found a glowing silver altar of Zin.
  2853 | D:4      | Found a staircase to the Ecumenical Temple.
  3059 | D:4      | Reached skill level 7 in Polearms
  3138 | D:4      | Found a transporter.
  3142 | D:4      | Noticed dialectric's ghost (amateur DsFi)
  3194 | D:4      | Found Yrruthrasmu's Distillery.
  3199 | D:4      | Bought a potion of heal wounds for 50 gold pieces
  3236 | D:4      | Found a transporter.
  3362 | D:4      | Noticed a sky beast
  3371 | D:4      | Killed a sky beast
  3372 | D:4      | Reached XP level 7. HP: 45/52 MP: 1/8
  3560 | D:5      | Entered Level 5 of the Dungeon
  3795 | D:5      | Reached skill level 8 in Polearms
  4174 | D:5      | Noticed Menkaure
  4177 | D:5      | Killed Menkaure
  4178 | D:5      | Reached skill level 9 in Polearms
  4178 | D:5      | Reached XP level 8. HP: 58/58 MP: 2/9
  4972 | D:6      | Reached skill level 10 in Polearms
  5170 | D:6      | Noticed Pikel
  6092 | D:6      | Found a stormy altar of Qazlal.
  6093 | D:6      | Found a blossoming altar of Fedhas.
  6140 | D:6      | Reached XP level 9. HP: 51/63 MP: 2/10
  6383 | D:6      | Killed Pikel
  6384 | D:6      | Reached skill level 11 in Polearms
  6667 | D:7      | Reached skill level 12 in Polearms
  6673 | D:7      | Reached skill level 1 in Armour
  6846 | D:7      | Found a radiant altar of Vehumet.
  6846 | D:7      | Found a sacrificial altar of Ru.
  6847 | D:7      | Found a hazy altar of Hepliaklqana.
  6942 | D:7      | Reached XP level 10. HP: 50/72 MP: 11/11
  7313 | D:7      | Reached skill level 13 in Polearms
  7382 | D:7      | Reached skill level 5 in Fighting
  7706 | D:7      | Found a burning altar of Makhleb.
  8631 | D:8      | Found a hide-covered altar of Uskayaw.
  8631 | D:8      | Found a snail-covered altar of Cheibriados.
  8963 | D:9      | Found a staircase to the Lair.
  9087 | D:9      | Found a bloodstained altar of Trog.
  9155 | D:9      | Reached skill level 1 in Shields
  9200 | D:9      | Noticed a two-headed ogre
  9204 | D:9      | Noticed a two-headed ogre
  9549 | D:9      | Killed a two-headed ogre
  9550 | D:9      | Reached XP level 11. HP: 39/81 MP: 12/12
  9759 | D:9      | Reached skill level 5 in Armour
  9985 | D:10     | Entered Level 10 of the Dungeon
 10003 | D:10     | Reached skill level 14 in Polearms
 10337 | D:10     | Found a sparkling altar of Nemelex Xobeh.
 10652 | D:11     | Noticed a cyclops
 10656 | D:11     | Killed a cyclops
 10657 | D:11     | Reached skill level 5 in Shields
 10677 | D:11     | Noticed a manticore
 10727 | Lair:1   | Entered Level 1 of the Lair of Beasts
 11116 | Lair:1   | You fall into a shaft and drop 1 floor!
 11472 | Lair:2   | Reached XP level 12. HP: 39/91 MP: 13/13
 11733 | Lair:2   | Found a hole to the Spider Nest.
 11885 | Lair:2   | Noticed a five-headed hydra
 11890 | Lair:2   | Reached skill level 1 in Evocations
 12673 | Lair:2   | Killed a five-headed hydra
 13223 | Lair:2   | Noticed a boulder beetle
 13236 | Lair:2   | Killed a boulder beetle
 13557 | Lair:3   | Learned a level 2 spell: Wereblood
 13981 | Lair:3   | Reached XP level 13. HP: 93/100 MP: 14/14
 14106 | Lair:3   | Noticed a six-headed hydra
 14127 | Lair:3   | Killed a six-headed hydra
 14528 | Lair:3   | Reached skill level 10 in Shields
 14979 | Lair:4   | Noticed a catoblepas
 14994 | Lair:4   | Killed a catoblepas
 15089 | Lair:4   | Noticed an eight-headed hydra
 15095 | Lair:4   | Killed an eight-headed hydra
 15096 | Lair:4   | Reached skill level 5 in Evocations
 15320 | Lair:4   | Identified the +5 falchion of the Majestic God {vamp,
                  | Contam Fly rElec Will+}
 15722 | Lair:4   | Found a runed translucent door.
 15722 | Lair:4   | Found a shimmering altar of Xom.
 15722 | Lair:4   | Noticed Zinwir's ghost (journeyman KoHu)
 15723 | Lair:4   | Identified the +9 broad axe of Destruction {chaos, Will+}
 16062 | Lair:5   | Entered Level 5 of the Lair of Beasts
 16070 | Lair:5   | Noticed a six-headed hydra
 16076 | Lair:5   | Killed a six-headed hydra
 16153 | Lair:5   | Paralysed by a hornet for 3 turns
 16550 | Lair:5   | Noticed Snorg
 16954 | Lair:5   | Reached skill level 10 in Fighting
 17246 | Lair:5   | Noticed a merfolk avatar
 17433 | D:11     | Found Ibbeitawoo's Overcharged Wands.
 17447 | D:11     | Reached XP level 14. HP: 100/110 MP: 15/15
 17871 | D:11     | Noticed Fannar
 18462 | D:11     | Found a staircase to the Orcish Mines.
 18695 | D:11     | Killed Fannar
 18696 | D:11     | Reached skill level 10 in Armour
 19141 | Orc:1    | Entered Level 1 of the Orcish Mines
 19896 | Orc:1    | You fall into a shaft and drop 1 floor!
 19896 | Orc:2    | Entered Level 2 of the Orcish Mines
 19896 | Orc:2    | Found Junnirini's Antique Weapon Boutique.
 19918 | Orc:2    | HP: 12/249 [poisoned by an ogre mage]
 19921 | Orc:2    | HP: 4/166 [poisoned by an ogre mage]
 19923 | Orc:2    | HP: 1/166 [poisoned by an ogre mage]
 19924 | Orc:2    | Succumbed to an ogre mage's poison

Illustrated notes

Levels and vault maps discovered:
D:1:      heliophobic_arrival_henge, layout_loops_ring
D:2:      layout_basic, serial_shops, nicolae_shop_trees, basic_altar
D:3:      layout_loops_corners, good_gods_temple_1, nicolae_ashenzari_panopticon
D:4:      layout_loops_cross, minmay_temple_entry_ruins, serial_shops,
          nicolae_shop_trees, gammafunk_ghost_mausoleum
D:5:      layout_basic, uniq_menkaure
D:6:      layout_basic, grunt_temple_overflow_forces_of_nature,
          dk_noncrumbling_4, roderic_lattice_a, uniq_pikel
D:7:      layout_basic, lemuel_coloured_pillars_altar, minitemple
D:8:      layout_basic, gammafunk_temple_overflow_pools
D:9:      layout_roguey, mainiacjoe_overflow_concentric_impassable,
          lair_entry_dummy, minivault_27, amcnicky_mini_pool_medium
D:10:     layout_roguey, amcnicky_altar_gilded
D:11:     layout_roguey [special_room_orc], orc_0_dummy,
          nicolae_shop_overcharged_wands, uniq_fannar
Lair:1:   layout_gridlike
Lair:2:   hellmonk_ruined_rings, layout_regular_city, dummy_spider_entry,
          grunt_forest_stairs_basic, nzn_sisyphean_effort
Lair:3:   layout_cave_pods, nicolae_shoals_entry_flooding
Lair:4:   layout_roguey, ebering_ghost_xom, serial_rivers,
          chequers_serial_rivers_small_3, chequers_serial_rivers_micro_c,
          chequers_serial_rivers_small_b, chequers_serial_rivers_micro_e,
          chequers_serial_rivers_small_b
Lair:5:   gammafunk_lair_ancient_temple, layout_big_grid, slime_entry_1,
          serial_forest, infiniplex_forest_straight_4, infiniplex_forest_pool,
          infiniplex_forest_lined_2, infiniplex_forest_clump_double,
          infiniplex_forest_end_3, chequers_serial_rivers_micro_a, uniq_snorg
Orc:1:    layout_caves
Orc:2:    kennysheep_orc_mage_school, layout_caves

Skill      XL: |  1  2  3  4  5  6  7  8  9 10 11 12 13 14 |
---------------+-------------------------------------------+-----
Polearms       | 4 5 6 7 9 10 12 13 14 | 14.0
Armour         | 2 4 6 8 9 10 | 10.0
Fighting       | 4 6 7 8 10 | 10.9
Shields        | 2 6 9 11 13 | 13.0
Evocations     | 4 5 |  5.0
Spellcasting   | |  1.0
Fire Magic     | |  3.0

Action                     |  1- 3 |  4- 6 |  7- 9 | 10-12 | 13-15 || total
---------------------------+-------+-------+-------+-------+-------++-------
  Melee: Spear             |   117 |   186 |   376 |       |       ||   679
         Punch             |       |       |     5 |       |       ||     5
         Trident           |       |       |    37 |   539 |   503 ||  1079
  Throw: Boomerang         |       |       |     6 |    45 |    13 ||    64
         Dart              |       |       |       |     2 |     2 ||     4
   Cast: Scorch            |     2 |    11 |    43 |     2 |       ||    58
  Evoke: Wand              |       |       |       |     1 |     3 ||     4
    Use: Scroll            |     3 |     4 |     5 |    11 |    12 ||    35
         Potion            |       |       |     4 |     2 |    11 ||    17
   Stab: Invisible         |       |       |       |       |     4 ||     4
 Armour: Robe              |     8 |       |       |       |       ||     8
         Ring mail         |    22 |    53 |    17 |       |       ||    92
         Leather armour    |       |       |    65 |       |       ||    65
         Scale mail        |       |       |    31 |     5 |       ||    36
         Plate armour      |       |       |       |   238 |   295 ||   533
         Skin              |       |       |       |       |     3 ||     3
  Dodge: Dodged            |    49 |    68 |   154 |    86 |   134 ||   491
  Block: Kite shield       |       |       |       |   127 |   227 ||   354

Table legend: (Time is in decaauts)
 A = Elapsed time spent in this place.
 B = Non-inter-level travel time spent in this place.
 C = Inter-level travel time spent in this place.
 D = Time resting spent in this place.
 E = Time spent auto-exploring this place.
 F = Levels seen in this place.
 G = Mean time per level.
                   A        B        C        D        E       F      G
               +--------+--------+--------+--------+--------+-----+--------+
         Total |  19727 |  19028 |    699 |   2966 |  12717 |  18 | 1095.9 |
       Dungeon |  12304 |  11758 |    546 |   1601 |   8029 |  11 | 1118.5 |
          Lair |   6642 |   6489 |    153 |   1197 |   4280 |   5 | 1328.4 |
  Orcish Mines |    780 |    780 |      0 |    167 |    408 |   2 |  390.0 |
               +--------+--------+--------+--------+--------+-----+--------+

Top non-repeatable levels by time:
    D:11: 1833 daAuts
  Lair:2: 1652 daAuts
  Lair:4: 1642 daAuts
  Lair:3: 1612 daAuts
     D:6: 1514 daAuts
     D:3: 1383 daAuts
     D:5: 1377 daAuts
     D:8: 1221 daAuts
     D:7: 1199 daAuts
  Lair:1: 1052 daAuts
     D:9: 936 daAuts
     D:4: 785 daAuts
   Orc:1: 757 daAuts
     D:1: 744 daAuts
    D:10: 712 daAuts
